 Dungeon Crawl Stone Soup version 0.28.0-61-g67df4f89a8 (webtiles) character file.

Game seed: 2919785426300718167

6317 AarnesTheHuman the Cleaver (level 10, -2/139 HPs)
             Began as a Hill Orc Fighter on Feb 13, 2023.
             Was an Elder of Okawaru.
             Slain by a spriggan
             ... wielding a +0 trident
              (3 damage)
             ... in a bailey.
             The game lasted 00:17:48 (13181 turns).

AarnesTheHuman the Cleaver (Hill Orc Fighter)      Turns: 13181, Time: 00:17:49

Health: -2/139     AC: 25    Str: 24    XL:     10   Next: 95%
Magic:  13/16      EV:  2    Int:  8    God:    Okawaru [****..]
Gold:   352        SH:  5    Dex: 10    Spells: 9/9 levels left

rFire   . . .      SeeInvis .   a - +1 war axe
rCold   . . .      Faith    .   c - +0 buckler
rNeg    . . .      Spirit   .   (armour currently unavailable)
rPois   +          Reflect  .   (helmet currently unavailable)
rElec   .          Harm     .   (cloak currently unavailable)
rCorr   .          Rampage  .   (gloves currently unavailable)
Will    .....      NoTele   +   (boots currently unavailable)
Stlth   ..........              (no amulet)
HPRegen 0.33/turn               (no ring)
MPRegen 0.15/turn               (no ring)

@: tree-form, silenced, finesse-ful
A: stationary, stasis, torment immunity, boosted hp
a: Renounce Religion


You were in a bailey.
You worshipped Okawaru.
Okawaru was greatly pleased with you.
You were a tree.
You visited 2 branches of the dungeon, and saw 9 of its levels.
You also visited: Bailey.

You collected 352 gold pieces.

Inventory:

Hand Weapons
 a - a +1 war axe (weapon)
 b - a +2 whip of venom
 x - a +2 short sword of speed
Missiles
 f - 4 throwing nets
 j - 199 stones (quivered)
 o - 7 poisoned darts
 q - 34 sling bullets
 D - a curare-tipped dart
Armour
 c - a +0 buckler (worn)
 h - a +1 scale mail
 r - a +0 pair of gloves (melded)
 s - a +0 chain mail (melded)
 t - a +0 helmet (melded)
 H - a +0 helmet
Jewellery
 g - an amulet of guardian spirit
 y - a ring of protection from cold
Wands
 v - a wand of iceblast (21)
Scrolls
 p - a scroll of enchant weapon
 u - 3 scrolls of blinking
 z - a scroll of teleportation
 C - 2 scrolls of enchant armour
 F - a scroll of silence
 I - a scroll of amnesia
Potions
 d - a potion of might
 e - 2 potions of brilliance
 i - 2 potions of curing {unknown}
 k - 3 potions of lignification
 l - 3 potions of flight {unknown}
 m - a potion of attraction {unknown}
 n - a potion of invisibility {unknown}
 w - a potion of magic {unknown}
 B - 3 potions of mutation {unknown}
 E - a potion of ambrosia {unknown}
 G - a potion of degeneration {unknown}


   Skills:
 + Level 9.9 Fighting
 + Level 13.4 Axes
 - Level 7.0 Armour
 - Level 7.0 Shields
 - Level 8.0 Invocations


You had 9 spell levels left.
You didn't know any spells.
Your spell library contained the following spells:

 Spells                   Type           Power      Damage    Failure   Level
 Corpse Rot               Necr/Air       0%         N/A       63%         2
 Poisonous Vapours        Pois/Air       0%         N/A       63%         2
 Summon Small Mammal      Summ           Unusable   N/A       N/A         1
 Call Canine Familiar     Summ           Unusable   N/A       N/A         3
 Summon Guardian Golem    Hex/Summ       Unusable   N/A       N/A         3

Dungeon Overview and Level Annotations

Branches:
Dungeon (8/15)             Temple (1/1) D:4            Lair (0/6) D:8
 Bailey (1/1)

Altars:
Ashenzari
Cheibriados
Dithmenos
Elyvilon
Gozag
Hepliaklqana
Kikubaaqudgha
Makhleb
Nemelex Xobeh
Okawaru
Qazlal
Trog
Uskayaw
Vehumet
Wu Jian
Yredelemnul
Zin
The Shining One

Shops:
D:2 [

Annotations:
D:1 exclusion: downstairs


Message History

You miss the spriggan. x2; You block the spriggan's attack.
You barely miss the spriggan.
The spriggan is severely wounded.
You closely miss the spriggan.
The spriggan hits you with a +0 trident!
* * * LOW HITPOINT WARNING * * *
The spriggan hits you but does no damage.
You slice the spriggan!!
You kill the spriggan!
Okawaru accepts your kill.
You hit the spriggan. You slash the spriggan!
The spriggan is heavily wounded.
You block the spriggan's attack.
The spriggan hits you with a +0 trident.
* * * LOW HITPOINT WARNING * * *
The spriggan barely misses you.
The spriggan hits you with a +0 trident.
* * * LOW HITPOINT WARNING * * *
Items here: ! ) ? [ †.
You hit the spriggan.
The spriggan is moderately wounded.
You miss the spriggan.
The spriggan hits you with a +0 trident.
* * * LOW HITPOINT WARNING * * *
Really quaff the potion of lignification?
You turn into a tree.
Your +0 helmet melds into your body.
Your +0 pair of gloves melds into your body.
Your +0 chain mail melds into your body.
Your roots penetrate the ground.
The spriggan hits you but does no damage.
The spriggan hits you with a +0 trident.
* * * LOW HITPOINT WARNING * * *
You block the spriggan's attack.
Okay, then.
As you read the scroll labelled GEZEID PUCOPHY, it crumbles to dust.
A profound silence engulfs you.
It was a scroll of silence.
A spriggan comes into view. It is wielding a +0 spear.
The spriggan hits you with a +0 trident.
You die...

#########
##.......##
##.........##
##....≈≈≈....##
##..##♣#≈####..##
##..##.....i.##..##
#..##..♣♣♣♣♣♣.♣♣..#
#..#.. ♣♣i.#).#
#..♣. ♣..#).# #..♣
#..#..# #..#
#..#[.# #..♣
♣i.#..# #..##
..##..# ##..##
.♣#..## ##..♣♣
##..##


You could see 3 spriggans.

Vanquished Creatures
  2 two-headed ogres
  Pikel (D:6)
  A hornet (D:5)
  A spriggan (Bailey)
  4 yaks (D:8)
  Duvessa (D:4)
  An acid dragon (Bailey)
  A water moccasin (D:6)
  2 black bears
  2 sky beasts
  An ice beast (D:6)
  A necrophage (D:4)
  10 ogres
  3 centaurs
  4 phantoms
  A kobold brigand (D:7)
  A bullfrog (D:7)
  2 scorpions
  A wyvern skeleton (D:5)
  Dowan (D:4)
  A water moccasin skeleton (D:6)
  A howler monkey (D:6)
  An electric eel (D:6)
  A bullfrog zombie (D:5)
  A centaur skeleton (D:7)
  3 gnoll shamans
  3 hounds
  2 jellies
  Terence (D:3)
  6 iguanas
  4 orc wizards
  A howler monkey zombie (D:7)
  21 gnolls
  8 adders
  2 shadow imps (D:6)
  An ufetubus (D:6)
  2 adder skeletons (D:4)
  4 worms
  2 dart slugs
  25 orcs
  6 bats
  10 endoplasms
  5 giant cockroaches
  7 goblins
  7 hobgoblins
  10 jackals
  2 quokkas
  8 ball pythons
  7 frilled lizards
  11 kobolds
  4 rats
  A spectral orc (D:4)
209 creatures vanquished.

Vanquished Creatures (others)
  An orc (D:7)
  5 plants (D:6)
6 creatures vanquished.

Grand Total: 215 creatures vanquished

Notes
Turn   | Place    | Note
-------+----------+-------------------------------------------
     0 | D:1      | AarnesTheHuman the Hill Orc Fighter began the quest for the
                  | Orb.
     0 | D:1      | Reached XP level 1. HP: 19/19 MP: 1/1
   212 | D:1      | Reached XP level 2. HP: 27/27 MP: 2/2
   215 | D:1      | Reached skill level 3 in Axes
   809 | D:1      | Reached XP level 3. HP: 33/33 MP: 3/3
   879 | D:1      | Found a faded altar of an unknown god.
  1177 | D:2      | Found Ohurhut's Antique Armour Boutique.
  1284 | D:2      | Reached XP level 4. HP: 40/41 MP: 4/4
  2548 | D:2      | Reached skill level 4 in Axes
  2548 | D:2      | Reached XP level 5. HP: 31/47 MP: 5/5
  3573 | D:2      | Reached skill level 5 in Fighting
  3976 | D:3      | Reached XP level 6. HP: 51/56 MP: 6/6
  4129 | D:3      | Noticed Terence
  4137 | D:3      | Killed Terence
  4551 | D:3      | Reached skill level 5 in Axes
  5249 | D:3      | Found a broken altar of Ashenzari.
  5429 | D:4      | Found a staircase to the Ecumenical Temple.
  5486 | Temple   | Entered the Ecumenical Temple
  5655 | D:4      | Reached skill level 5 in Armour
  5777 | D:4      | Found a basalt altar of Yredelemnul.
  5844 | D:4      | Reached skill level 5 in Shields
  5844 | D:4      | Reached XP level 7. HP: 59/62 MP: 7/7
  6201 | D:4      | Noticed Dowan
  6201 | D:4      | Noticed Duvessa
  6213 | D:4      | Killed Dowan
  6219 | D:4      | Killed Duvessa
  6220 | D:4      | Reached skill level 6 in Axes
  6513 | D:4      | Found a burning altar of Makhleb.
  6525 | D:4      | Reached XP level 8. HP: 64/71 MP: 8/8
  6716 | D:4      | Found a stormy altar of Qazlal.
  6807 | D:5      | Entered Level 5 of the Dungeon
  7507 | D:5      | Found a radiant altar of Vehumet.
  7704 | D:5      | Reached skill level 7 in Axes
  8168 | D:5      | Found an iron altar of Okawaru.
  8179 | D:5      | Became a worshipper of Warmaster Okawaru
  8469 | D:5      | Noticed a hornet
  8474 | D:5      | Paralysed by a hornet for 1 turns
  8477 | D:5      | Killed a hornet
  8478 | D:5      | Reached XP level 9. HP: 15/80 MP: 8/10
  8485 | D:5      | HP: 4/80 [poisoned by a hornet]
  8941 | D:5      | Reached skill level 8 in Axes
  9277 | D:6      | Found a glowing golden altar of the Shining One.
  9632 | D:6      | Reached * piety under Okawaru
  9979 | D:6      | Noticed Pikel
 10340 | D:6      | Killed Pikel
 10341 | D:6      | Reached skill level 9 in Axes
 10504 | D:6      | Found a bloodstained altar of Trog.
 10568 | D:6      | Reached skill level 10 in Axes
 10679 | D:6      | Reached ** piety under Okawaru
 10710 | D:6      | Reached XP level 10. HP: 16/88 MP: 15/15
 12087 | D:7      | Found a white marble altar of Elyvilon.
 12578 | D:8      | Reached skill level 11 in Axes
 12727 | D:8      | Noticed a two-headed ogre
 12738 | D:8      | Killed a two-headed ogre
 12738 | D:8      | Reached *** piety under Okawaru
 12739 | D:8      | Reached skill level 12 in Axes
 12768 | D:8      | Found a staircase to the Lair.
 12773 | D:8      | Found a flagged portal.
 12790 | Bailey   | Entered a bailey
 13041 | Bailey   | Reached **** piety under Okawaru
 13149 | Bailey   | Noticed a two-headed ogre
 13164 | Bailey   | Killed a two-headed ogre
 13165 | Bailey   | Reached skill level 13 in Axes
 13169 | Bailey   | Identified the +0 ice dragon scales of the Arcane {rF- rC++
                  | MP+9 Int-4 Dex+7 Stlth+}
 13179 | Bailey   | HP: 4/93 [spriggan/+0 trident (6)]
 13180 | Bailey   | HP: 1/139 [spriggan/+0 trident (5)]
 13181 | Bailey   | Slain by a spriggan

Illustrated notes

Levels and vault maps discovered:
D:1:      heliophobic_arrival_ceremonial_halls, layout_basic,
          hellmonk_ecumenical_altar_arch_garden, amethyst_killhole,
          minmay_surrounded
D:2:      minmay_angry_zag, layout_basic, serial_shops, shop
D:3:      minmay_spotlight, layout_rooms, mainiacjoe_overflow_chevrons,
          serial_corexii_hall, corexii_hall_statues_deadend,
          corexii_hall_statues_s, corexii_hall_statues_l,
          corexii_hall_statues_s, minivault_11, uniq_terence
D:4:      layout_rooms, lemuel_doored_altar, makhleb_heckhound_becter,
          yredelemnul_forgotten_temple_becter, minmay_temple_entry_arrows,
          grunt_ministairs_10, kennysheep_diamond, uniq_duvessa
D:5:      minmay_bubble_buster, layout_loops_corners,
          mainiacjoe_overflow_six_doors_small, mainiacjoe_overflow_alcove_4
D:6:      layout_loops_ring, trog_book, lemuel_round_altar,
          hangedman_decor_riveting, serial_bayou_pond_b, uniq_pikel
D:7:      layout_loops_corners, mainiacjoe_overflow_brackets
D:8:      layout_gridville, led_sif_book, marbit_many_paths, dpeg_oklobed_lair,
          enter_bailey_3
Temple:   nicolae_temple_figure_zero
Bailey:   bailey_polearm_enchanted_keep_hellmonk, bailey

Skill      XL: |  1  2  3  4  5  6  7  8  9 10 |
---------------+-------------------------------+-----
Axes           | 3 4 5 6 7 10 13 | 13.4
Fighting       | 4 5 6 7 8 9 |  9.9
Armour         | 4 5 7 |  7.0
Shields        | 4 5 6 7 |  7.0
Invocations    | 2 7 8 |  8.0

Action                   |  1- 3 |  4- 6 |  7- 9 | 10-12 || total
-------------------------+-------+-------+-------+-------++-------
Melee: War axe           |   114 |   240 |   370 |   136 ||   860
       Whip              |       |       |    29 |     8 ||    37
Throw: Dart              |       |       |       |     2 ||     2
       Throwing net      |       |       |       |     1 ||     1
Invok: Heroism           |       |       |     1 |     1 ||     2
       Finesse           |       |       |       |     1 ||     1
  Use: Scroll            |       |     6 |     4 |     3 ||    13
       Potion            |       |       |     1 |     3 ||     4
 Stab: Held in net/web   |       |       |       |     2 ||     2
Armor: Scale mail        |    63 |    76 |       |       ||   139
       Chain mail        |       |    35 |   257 |    56 ||   348
       Skin              |       |       |       |     1 ||     1
Dodge: Dodged            |    68 |   133 |   134 |    43 ||   378
Block: Buckler           |    38 |    56 |    93 |    35 ||   222
